 Dungeon Crawl Stone Soup version 0.31-a0-366-ga77b45bd9b (webtiles) character file.

Game seed: 2284774378112050516

88311 AdnanSaban the Bludgeoner (level 15, -12/100 HPs)
             Began as a Gargoyle Fighter on July 28, 2023.
             Was the Champion of Okawaru.
             Mangled by Rupert
             ... wielding a +2 heavy battleaxe
              (20 damage)
             ... on level 10 of the Dungeon.
             The game lasted 00:40:23 (22739 turns).

AdnanSaban the Bludgeoner (Gargoyle Fighter)       Turns: 22739, Time: 00:40:23

Health: -12/100    AC: 50    Str: 31    XL:     15   Next: 93%
Magic:  14/20      EV:  8    Int: 11    God:    Okawaru [******]
Gold:   1630       SH: 14    Dex:  9    Spells: 14/14 levels left

rFire   . . .        Q - +2 morningstar
rCold   + . .        R - +0 kite shield
rNeg    + . .        S - +1 crystal plate armour {rC+}
rPois   ∞            E - +0 helmet
rElec   +            Y - +2 cloak of Iklioff {Fly}
rCorr   +            w - +2 pair of gloves
SInv    .            I - +1 pair of boots
Will    +....        f - amulet of regeneration Stlth
                     H - ring of resist corrosion
HPRegen 1.16/turn    V - +6 ring of strength
MPRegen 0.17/turn

%: no passive effects
@: mighty, heroic, finesse-ful, flying
A: sickness immunity, AC +11, big wings, negative energy resistance 1,
electricity resistance, torment resistance 1, petrification resistance
a: Renounce Religion, Heroism, Finesse, Duel


You were on level 10 of the Dungeon.
You worshipped Okawaru.
Okawaru was exalted by your worship.
You visited 4 branches of the dungeon, and saw 20 of its levels.
You also visited: Ossuary, Bailey and Ice Cave.

You collected 1630 gold pieces.

Inventory:

Hand Weapons
 Q - a +2 morningstar (weapon)
Missiles
 F - a datura-tipped dart
 J - 7 silver javelins
 T - 18 poisoned darts
 U - 3 curare-tipped darts
 Z - 5 boomerangs (quivered)
Armour
 w - a +2 pair of gloves (worn)
 E - a +0 helmet (worn)
 I - a +1 pair of boots (worn)
 R - a +0 kite shield (worn)
 S - a +1 crystal plate armour of cold resistance (worn)
 Y - the +2 cloak of Iklioff (worn) {Fly}
   (Okawaru gifted it to you on level 1 of the Lair of Beasts)

   Fly:       It grants you flight.
Jewellery
 f - an amulet of regeneration (around neck)
 n - a ring of protection from cold
 H - a ring of resist corrosion (left hand)
 V - a +6 ring of strength (right hand)
 W - a ring of willpower
Wands
 t - a wand of iceblast (20)
 C - a wand of quicksilver (33)
 D - a wand of polymorph (7)
 G - a wand of mindburst (14)
 P - a wand of flame (31)
Scrolls
 b - 8 scrolls of revelation {unknown}
 c - 2 scrolls of poison {unknown}
 g - 6 scrolls of noise {unknown}
 h - 4 scrolls of immolation {unknown}
 i - 4 scrolls of summoning {unknown}
 j - 2 scrolls of amnesia {unknown}
 m - 12 scrolls of identify {unknown}
 o - 3 scrolls of enchant weapon {unknown}
 r - 4 scrolls of vulnerability {unknown}
 s - 7 scrolls of teleportation {unknown}
 x - 2 scrolls of enchant armour {unknown}
 y - 3 scrolls of fear {unknown}
 z - 3 scrolls of blinking {unknown}
 B - 2 scrolls of fog {unknown}
Potions
 a - 2 potions of magic {unknown}
 d - 3 potions of might
 e - 5 potions of heal wounds
 k - 4 potions of enlightenment {unknown}
 l - 2 potions of mutation {unknown}
 p - 2 potions of degeneration {unknown}
 q - 3 potions of haste {unknown}
 u - 4 potions of lignification {unknown}
 v - 2 potions of ambrosia {unknown}
 A - 6 potions of curing {unknown}
 K - 2 potions of attraction {unknown}
 L - a potion of resistance {unknown}
 M - 5 potions of brilliance {unknown}
 N - a potion of cancellation {unknown}
 O - 2 potions of berserk rage {unknown}
 X - a potion of invisibility {unknown}


   Skills:
 * Level 14.2(19.2) Fighting
 + Level 16.8(21.8) Maces & Flails
 + Level 3.3(8.3) Throwing
 + Level 13.2(18.2) Armour
 + Level 2.1(7.1) Dodging
 + Level 14.0(19.0) Shields
 + Level 7.0 Invocations


You had 14 spell levels left.
You didn't know any spells.
Your spell library contained the following spells:

 Spells                   Type           Power      Damage    Failure   Level
 Slow                     Hex            0%         N/A       99%         1
 Blink                    Tloc           0%         N/A       100%        2
 Lesser Beckoning         Tloc           0%         N/A       100%        2
 Momentum Strike          Conj/Tloc      0%         3d8       100%        2
 Confusing Touch          Hex            0%         N/A       100%        3
 Gell's Gravitas          Tloc           0%         N/A       100%        3
 Inner Flame              Hex/Fire       0%         N/A       100%        3
 Teleport Other           Tloc           0%         N/A       100%        3
 Vampiric Draining        Necr           0%         2d6       100%        3
 Flame Wave               Conj/Fire      0%         2d4       100%        4
 Leda's Liquefaction      Hex/Erth       0%         N/A       100%        4
 Manifold Assault         Tloc           0%         N/A       100%        4
 Sticky Flame             Conj/Fire      0%         2d3       100%        4
 Lee's Rapid Deconstruct  Erth           0%         3d4*      100%        5
 Dispersal                Tloc           0%         N/A       100%        6
 Leda's Unmaking          Conj/Erth      0%         9d1       100%        6
 Ozocubu's Refrigeration  Ice            0%         4d7       100%        7
 Disjunction              Tloc           0%         N/A       100%        8
 Polar Vortex             Ice            0%         N/A       100%        9
 Simulacrum               Ice/Necr       Unusable   N/A       N/A         6

Dungeon Overview and Level Annotations

Branches:
Dungeon (12/15)            Temple (1/1) D:4            Lair (5/5) D:8
  Swamp (0/4) Lair:3        Snake (0/4) Lair:3        Slime (0/5) Lair:4
    Orc (2/2) D:10            Elf (0/3) Orc:2       Ossuary (visited)
 Bailey (visited)           IceCv (visited)

Altars:
Ashenzari
Cheibriados
Dithmenos
Elyvilon
Fedhas
Gozag
Hepliaklqana
Kikubaaqudgha
Makhleb
Nemelex Xobeh
Okawaru
Qazlal
Ru
Sif Muna
Trog
Uskayaw
Vehumet
Wu Jian
Xom
Yredelemnul
Zin
The Shining One
Jiyva

Shops:
D:2 *   D:6 *   Orc:2 ((:

Annotations:
D:10 Rupert


Innate Abilities, Weirdness & Mutations

You are immune to sickness and miasma.
Your stone body is resilient. (AC +11)
You are immune to poison.
Your large and strong wings let you fly.
You resist negative energy. (rN+)
You are resistant to electric shocks. (rElec)
You are resistant to unholy torment.
You are immune to petrification.


Message History

The two-headed ogre hits you with a +0 giant spiked club!
You block the two-headed ogre's attack.
You gain the combat prowess of a mighty hero.
Rupert hits you with a +2 heavy battleaxe!!
You block the two-headed ogre's attack.
The two-headed ogre hits you but does no damage.
You can now deal lightning-fast blows.
Rupert hits you with a +2 heavy battleaxe!!
* * * LOW HITPOINT WARNING * * *
You feel much better.
Rupert hits you with a +2 heavy battleaxe!!
* * * LOW HITPOINT WARNING * * *
The two-headed ogre barely misses you.
The two-headed ogre hits you but does no damage.
You puncture the two-headed ogre!
The two-headed ogre is lightly wounded.
Rupert barely misses you.
You thump the two-headed ogre!
The two-headed ogre is moderately wounded.
You impale the two-headed ogre!!
The two-headed ogre is almost dead.
You block the two-headed ogre's attack. The two-headed ogre barely misses you.
Rupert hits you but does no damage.
You skewer the two-headed ogre like a kebab!!!
You kill the two-headed ogre!
Okawaru accepts your kill.
You puncture Rupert!
Rupert is lightly wounded.
You bludgeon Rupert!!
Rupert is moderately wounded.
Rupert hits you with a +2 heavy battleaxe!!
* * * LOW HITPOINT WARNING * * *
You puncture Rupert!
Rupert is moderately wounded.
You barely miss Rupert.
Rupert is moderately wounded.
You sock Rupert!
Rupert is moderately wounded.
Rupert hits you with a +2 heavy battleaxe!!
You die...

.............#.....#..........#
...#.........#.....#.........##
..##.........#.._..####)#....#
(..#[........#.....#....#.#.##
.............#.[[..#.....####
............)###[###.....#
......#......#8...8#.....#####
.....##.....##.....##.#...#..##
.....#......#..)@..##.#.......#
..............[.@..##....#..###
...................####.#####
..............)...###.#..#
................##..#....##
............[...##........##
...........................##
............##.#..#.........#
............##.#.##.........##


You could see Rupert (berserk).

Vanquished Creatures
  Donald (Orc:1)
  A frost giant (IceCv)
  A fire dragon (Lair:5)
  4 hydras
  2 ogre magi
  2 catoblepae
  8 two-headed ogres
  A boulder beetle (Lair:5)
  A death knight (D:11)
  18 death yaks
  An iron troll (Orc:1)
  A skyshark (Lair:4)
  Amaemon (D:8)
  A deep troll (Orc:1)
  A swamp dragon (Lair:5)
  3 lindwurms
  2 phantasmal warriors (D:11)
  A deep elf pyromancer (D:12)
  An ugly thing (D:11)
  An oklob plant (Lair:5)
  A wolf spider (Lair:5)
  3 cyclopes
  Joseph (D:8)
  2 manticores (Lair:5)
  7 black mambas
  23 elephants
  A torpor snail (Lair:5)
  An ice statue (IceCv)
  6 cane toads
  3 gargoyles
  3 unseen horrors
  A kobold demonologist (D:12)
  Maggie (D:8)
  17 rime drakes
  An orange demon (D:8)
  7 komodo dragons
  A freezing wraith (D:11)
  11 polar bears
  A hornet (D:9)
  10 trolls
  25 blink frogs
  Grinder (D:5)
  9 dream sheep (Lair:5)
  A shadow (D:10)
  4 slime creatures
  3 wyverns
  5 wraiths
  50 yaks
  4 basilisks
  7 steam dragons
  4 vampire mosquitoes (Lair:3)
  4 acid dragons
  11 water moccasins
  3 swamp drakes (Lair:5)
  11 black bears
  7 orc warriors
  26 wolves
  23 ogres
  10 centaurs
  2 kobold brigands
  Blork the orc (D:5)
  4 scorpions
  11 bullfrogs
  2 gnoll sergeants (D:9)
  12 wights
  18 killer bees
  7 howler monkeys
  An electric eel (Lair:3)
  3 hounds
  3 jellies
  2 gnoll boudas
  7 orc priests
  A sleepcap (D:5)
  6 hell rats
  10 iguanas
  Natasha (D:3)
  5 orc wizards
  8 mummies (Ossuary)
  16 gnolls
  4 adders
  3 shadow imps
  2 white imps
  An ufetubus (D:6)
  A worm (D:2)
  8 dart slugs
  60 orcs
  6 endoplasms
  7 giant cockroaches
  2 gnoll zombies (Ossuary)
  12 goblins
  12 hobgoblins
  9 jackals
  24 kobolds
  11 quokkas
  4 ball pythons
  7 bats
  6 frilled lizards
  3 kobold zombies (Ossuary)
  3 orc zombies (Ossuary)
  3 rats
669 creatures vanquished.

Vanquished Creatures (others)
  A yak (D:12)
  A hell rat (Lair:5)
  A kobold (D:8)
3 creatures vanquished.

Grand Total: 672 creatures vanquished

Notes
Turn   | Place    | Note
-------+----------+-------------------------------------------
     0 | D:1      | AdnanSaban the Gargoyle Fighter began the quest for the
                  | Orb.
     0 | D:1      | Reached XP level 1. HP: 14/14 MP: 1/1
    98 | D:1      | Reached XP level 2. HP: 11/19 MP: 2/2
   335 | D:1      | Reached XP level 3. HP: 24/24 MP: 3/3
   898 | D:2      | Reached XP level 4. HP: 29/29 MP: 4/4
   902 | D:2      | Identified the +3 whip "Voclecw" {flame, rF+ rC- Str+2
                  | Int+4}
   988 | D:2      | Reached skill level 3 in Maces & Flails
  1088 | D:2      | You fall into a shaft and drop 1 floor!
  1204 | D:2      | Found Qoelubly's Assorted Antiques.
  1250 | D:2      | Found a faded altar of an unknown god.
  1691 | D:3      | Reached XP level 5. HP: 33/33 MP: 5/5
  2466 | D:4      | Found a staircase to the Ecumenical Temple.
  2487 | D:4      | Reached skill level 4 in Maces & Flails
  2503 | Temple   | Entered the Ecumenical Temple
  2511 | Temple   | Became a worshipper of Warmaster Okawaru
  2614 | D:4      | Identified the +0 scale mail of Vampiric Thralls {rPois
                  | Str+5 Slay-5}
  2630 | D:4      | Noticed Natasha
  2644 | D:3      | HP: 1/34 [Natasha (4)]
  2648 | D:3      | Killed Natasha
  2774 | D:3      | Reached XP level 6. HP: 32/39 MP: 6/6
  3550 | D:5      | Entered Level 5 of the Dungeon
  3601 | D:5      | Noticed a black bear
  3616 | D:5      | Killed a black bear
  3617 | D:5      | Reached skill level 5 in Armour
  3617 | D:5      | Reached XP level 7. HP: 43/44 MP: 5/7
  3660 | D:5      | Noticed Grinder
  3660 | D:5      | Noticed Blork the orc
  4018 | D:5      | Reached * piety under Okawaru
  4019 | D:5      | Reached skill level 5 in Maces & Flails
  4107 | D:5      | Reached skill level 5 in Fighting
  4296 | D:5      | Reached XP level 8. HP: 45/49 MP: 6/8
  4332 | D:5      | Killed Blork the orc
  4332 | D:5      | Reached ** piety under Okawaru
  4333 | D:5      | Reached skill level 6 in Maces & Flails
  4456 | D:5      | Found a glowing golden altar of the Shining One.
  4460 | D:5      | Found an ornate altar of the Wu Jian Council.
  4463 | D:5      | Found a burning altar of Makhleb.
  4770 | D:5      | Killed Grinder
  4790 | D:6      | Found Veblaar's Assorted Antiques.
  4941 | D:6      | Reached skill level 7 in Maces & Flails
  4941 | D:6      | Reached skill level 5 in Shields
  5444 | D:6      | Reached *** piety under Okawaru
  5445 | D:6      | Reached XP level 9. HP: 55/55 MP: 9/9
  5496 | D:6      | Found a broken altar of Ashenzari.
  5496 | D:6      | Found a shadowy altar of Dithmenos.
  5496 | D:6      | Found a hide-covered altar of Uskayaw.
  5496 | D:6      | Found a blossoming altar of Fedhas.
  5504 | D:6      | Found a white marble altar of Elyvilon.
  5509 | D:6      | Found a sparkling altar of Nemelex Xobeh.
  5799 | D:7      | Found a flagged portal.
  5810 | Bailey   | Entered a bailey
  5850 | Bailey   | Reached skill level 8 in Maces & Flails
  6303 | Bailey   | Noticed an orc knight
  6441 | Bailey   | Reached skill level 1 in Dodging
  6445 | Bailey   | Noticed an orc knight
  7304 | D:8      | Noticed Amaemon
  7304 | D:8      | Noticed an orange demon
  7362 | D:8      | Noticed Maggie
  7371 | D:8      | Found a sand-covered staircase.
  7378 | Ossuary  | Entered an ossuary
  7803 | D:8      | Reached skill level 9 in Maces & Flails
  7901 | D:8      | Killed Maggie
  7901 | D:8      | Reached **** piety under Okawaru
  8077 | D:8      | Reached XP level 10. HP: 55/63 MP: 7/10
  8218 | D:8      | Killed an orange demon
  8219 | D:8      | Reached skill level 1 in Throwing
  8262 | D:8      | Found a staircase to the Lair.
  8302 | D:8      | Reached skill level 10 in Maces & Flails
  8560 | D:8      | Noticed Joseph
  8667 | D:8      | Killed Joseph
  8667 | D:8      | Reached ***** piety under Okawaru
  8851 | D:8      | Killed Amaemon
  9278 | D:9      | Received a gift from Okawaru
  9301 | D:9      | Reached skill level 11 in Maces & Flails
  9529 | D:9      | Reached XP level 11. HP: 61/68 MP: 11/11
  9970 | D:10     | Entered Level 10 of the Dungeon
 10028 | D:10     | Received a gift from Okawaru
 10292 | D:9      | Identified the +3 ring mail of Woretti {Str+3 Slay+2}
                  | (Okawaru gifted it to you on level 9 of the Dungeon)
 10292 | D:9      | Received a gift from Okawaru
 10712 | D:10     | Noticed a two-headed ogre
 10719 | D:10     | Killed a two-headed ogre
 10720 | D:10     | Reached skill level 12 in Maces & Flails
 10942 | D:10     | Found a staircase to the Orcish Mines.
 11683 | D:11     | Noticed a cyclops
 11779 | D:11     | Killed a cyclops
 11805 | D:11     | Reached skill level 10 in Armour
 12090 | D:11     | Reached XP level 12. HP: 74/76 MP: 10/12
 12371 | D:11     | Noticed a death knight
 12388 | D:11     | Killed a death knight
 12400 | D:11     | Reached skill level 13 in Maces & Flails
 12922 | D:11     | Identified the +5 scale mail of the Morning Star {Harm
                  | Str+6} (Okawaru gifted it to you on level 11 of the
                  | Dungeon)
 12922 | D:11     | Received a gift from Okawaru
 13881 | Lair:1   | Entered Level 1 of the Lair of Beasts
 14048 | Lair:1   | Reached skill level 1 in Invocations
 14084 | Lair:1   | Identified the +0 scale mail of Huem {Harm rPois Stlth+}
 14704 | Lair:1   | Reached ****** piety under Okawaru
 14823 | Lair:1   | Reached skill level 10 in Shields
 14823 | Lair:1   | Reached XP level 13. HP: 82/82 MP: 15/15
 14830 | Lair:1   | Reached skill level 10 in Fighting
 14860 | Lair:1   | Identified the +2 cloak of Iklioff {Fly} (Okawaru gifted it
                  | to you on level 1 of the Lair of Beasts)
 14860 | Lair:1   | Received a gift from Okawaru
 15015 | D:8      | Reached skill level 14 in Maces & Flails
 15801 | Lair:2   | Found a frozen archway.
 16002 | IceCv    | Entered an ice cave
 16567 | IceCv    | Noticed a frost giant
 16594 | IceCv    | Reached skill level 5 in Invocations
 16619 | IceCv    | Killed a frost giant
 16853 | IceCv    | Received a gift from Okawaru
 17444 | Lair:2   | Reached skill level 15 in Maces & Flails
 17494 | Lair:2   | Gained mutation: Your large and strong wings let you fly.
                  | [Gargoyle growth]
 17494 | Lair:2   | Reached XP level 14. HP: 82/90 MP: 15/18
 18186 | Lair:3   | Identified the +0 scale mail "Ahoetui" {Regen+ Int+2 Dex-4}
                  | (Okawaru gifted it to you on level 3 of the Lair of Beasts)
 18186 | Lair:3   | Received a gift from Okawaru
 18324 | Lair:3   | Found a staircase to the Snake Pit.
 18724 | Lair:3   | Found a staircase to the Swamp.
 19256 | Lair:3   | Reached skill level 16 in Maces & Flails
 19629 | Lair:4   | Found a viscous altar of Jiyva.
 19629 | Lair:4   | Found a staircase to the Slime Pits.
 19975 | Lair:5   | Entered Level 5 of the Lair of Beasts
 20070 | Lair:5   | Identified the +1 robe of Shielding {rPois rC- Str+2}
 20217 | Lair:4   | Received a gift from Okawaru
 20381 | Lair:5   | Reached XP level 15. HP: 80/97 MP: 20/20
 21011 | Lair:5   | Received a gift from Okawaru
 21646 | Lair:5   | Received a gift from Okawaru
 22032 | Orc:1    | Entered Level 1 of the Orcish Mines
 22140 | Orc:2    | Entered Level 2 of the Orcish Mines
 22174 | Orc:2    | Found a staircase to the Elven Halls.
 22247 | Orc:2    | Found Guinu's Antique Weapon Boutique.
 22438 | Orc:2    | Received a gift from Okawaru
 22440 | Orc:2    | Paralysed by something for 3 turns
 22573 | Orc:2    | Noticed Donald
 22602 | Orc:1    | Killed Donald
 22635 | Orc:2    | Found Wiphu's Antique Weapon Shop.
 22651 | Orc:2    | Found Totz's Book Emporium.
 22681 | Orc:2    | Noticed Rupert
 22700 | Orc:2    | Paralysed by Rupert for 2 turns
 22739 | D:10     | Mangled by Rupert

Illustrated notes

Levels and vault maps discovered:
D:1:      dpeg_arrival_morbid_curiosity, layout_rooms,
          chequers_serial_rivers_large_a, minmay_tromino_v4_c
D:2:      layout_basic, serial_shops, shop, dreamdust_ecumenical_altar_grove
D:3:      layout_basic, nicolae_houndstooth_variations
D:4:      layout_cave_pods, minmay_temple_entry_junction, serial_glass,
          glass_columns_b, glass_columns_a, hangedman_glass_garden, uniq_natasha
D:5:      layout_basic, minmay_overflow_temple_star_quad, uniq_grinder,
          uniq_blork_the_orc
D:6:      layout_loops_corners, minmay_overflow_temple_hex, serial_shops,
          nicolae_diamond_shop
D:7:      layout_cave_pools, enter_bailey_4
D:8:      layout_gridville, david_lair_shrubbed, enter_ossuary_1, uniq_maggie,
          uniq_joseph, uniq_amaemon
D:9:      layout_basic, minmay_circle_x
D:10:     layout_cave_pools, minmay_orc_entry_temple_small
D:11:     minmay_general_purpose_star, layout_loops_cross, grunt_ogre_cave,
          minmay_misc_feat_pillars
D:12:     layout_cave_pools
Temple:   hellmonk_temple_forest_ring
Lair:1:   beast_lair_carwin_large_3, layout_cellular_growth
Lair:2:   layout_chaotic_city, portal_ice_cave_entry_pillars_1,
          serial_bayou_lagoon_a, nicolae_lair_lindhole
Lair:3:   layout_roguey, minmay_swamp_entry_swarm, dummy_snake_entry,
          infiniplex_staircase_pool_2
Lair:4:   layout_hall_layers, dpeg_slime_entry_enclosed,
          chequers_serial_rivers_small_3, grunt_forest_large_clearings,
          serial_bayou_shore_b
Lair:5:   hangedman_lair_in_review, layout_layer_cave, guppyfry_lair_end_dragon,
          minmay_lair_oklob_bushes, dreamdust_mushroom_princess, st_stairs_8
Orc:1:    layout_diamond_mine, special_room [special_room_orc]
Orc:2:    st_orc_open, layout_caves, basic_altar, uniq_azrael, uniq_donald,
          uniq_rupert

Skill      XL: |  1  2  3  4  5  6  7  8  9 10 11 12 13 14 15 |
---------------+----------------------------------------------+-----
Fighting       | 4 5 6 7 8 9 11 12 14 | 14.2
Maces & Flails | 3 4 5 7 9 11 12 13 15 16 | 16.8
Armour         | 4 5 6 8 9 10 11 12 13 | 13.2
Shields        | 4 5 6 8 10 11 12 14 | 14.0
Dodging        | 1 2 |  2.1
Throwing       | 2 3 |  3.3
Invocations    | 3 6 7 |  7.0

Action                     |  1- 3 |  4- 6 |  7- 9 | 10-12 | 13-15 || total
---------------------------+-------+-------+-------+-------+-------++-------
  Melee: Flail             |   129 |       |       |       |       ||   129
         Whip              |       |   224 |   371 |       |       ||   595
         Morningstar       |       |       |   128 |   896 |  1646 ||  2670
  Throw: Boomerang         |       |       |     9 |    29 |    49 ||    87
         Dart              |       |       |       |     3 |       ||     3
 Invoke: Heroism           |       |       |       |       |     4 ||     4
         Finesse           |       |       |       |       |     1 ||     1
    Use: Potion            |       |       |       |       |     4 ||     4
 Armour: Scale mail        |    63 |       |       |       |       ||    63
         Plate armour      |    47 |   154 |   375 |   840 |   221 ||  1637
         Crystal plate arm |       |       |       |       |  1199 ||  1199
  Dodge: Dodged            |    55 |    59 |   171 |   327 |   497 ||  1109
  Block: Buckler           |    30 |    33 |   123 |    63 |       ||   249
         Kite shield       |       |       |       |   412 |  1019 ||  1431

Table legend: (Time is in decaauts)
 A = Elapsed time spent in this place.
 B = Non-inter-level travel time spent in this place.
 C = Inter-level travel time spent in this place.
 D = Time resting spent in this place.
 E = Time spent auto-exploring this place.
 F = Levels seen in this place.
 G = Mean time per level.
                   A        B        C        D        E       F      G
               +--------+--------+--------+--------+--------+-----+--------+
         Total |  22425 |  20990 |   1435 |   2375 |  12616 |  23 |  975.0 |
       Dungeon |  13600 |  12618 |    982 |   1366 |   8208 |  12 | 1133.3 |
        Temple |     16 |      2 |     14 |      0 |      0 |   1 |   16.0 |
          Lair |   6018 |   5585 |    433 |    299 |   3513 |   5 | 1203.6 |
  Orcish Mines |    658 |    653 |      5 |     68 |    230 |   2 |  329.0 |
       Ossuary |    257 |    257 |      0 |      0 |    177 |   1 |  257.0 |
        Bailey |    621 |    621 |      0 |    241 |    121 |   1 |  621.0 |
      Ice Cave |   1252 |   1252 |      0 |    401 |    367 |   1 | 1252.0 |
               +--------+--------+--------+--------+--------+-----+--------+

Top non-repeatable levels by time:
     D:8: 2265 daAuts
    D:11: 1909 daAuts
  Lair:1: 1663 daAuts
  Lair:5: 1657 daAuts
   IceCv: 1252 daAuts
     D:4: 1242 daAuts
     D:9: 1211 daAuts
  Lair:3: 1080 daAuts
     D:6: 1017 daAuts
     D:3: 989 daAuts
    D:10: 951 daAuts
     D:5: 940 daAuts
     D:1: 922 daAuts
  Lair:2: 818 daAuts
  Lair:4: 798 daAuts
